 Dungeon Crawl Stone Soup version 0.28.0-53-g5a82cb258f (webtiles) character file.

Game seed: 1667407874825014523

156 Gabide the Stinger (level 5, -2/46 HPs)
             Began as a Naga Venom Mage on June 10, 2022.
             Killed from afar by a white imp (12 damage)
             ... with a puff of frost
             ... summoned by Natasha
             ... on level 3 of the Dungeon.
             The game lasted 00:10:49 (4679 turns).

Gabide the Stinger (Naga Venom Mage)                Turns: 4679, Time: 00:10:50

Health: -2/46      AC:  4    Str: 10    XL:     5   Next: 37%
Magic:  0/8        EV: 10    Int: 17    God:
Gold:   68         SH:  0    Dex: 12    Spells: 1/8 levels left

rFire   . . .      SeeInvis +   l - staff of poison
rCold   . . .      Faith    .   (no shield)
rNeg    . . .      Spirit   .   a - +0 robe
rPois   +          Reflect  .   e - +0 helmet
rElec   .          Harm     .   (no cloak)
rCorr   .          Rampage  .   f - +0 pair of gloves
Will    .....                   (no barding)
Stlth   ++........              (no amulet)
HPRegen 0.15/turn               (no ring)
MPRegen 0.11/turn               (no ring)

@: about to teleport, short of breath, slowed, very slow
A: AC +1, large, see invisible, deformed body, poison resistance, slowness 2,
spit poison 1, naga tail 1
a: Spit Poison


You were on level 3 of the Dungeon.
You visited 1 branch of the dungeon, and saw 3 of its levels.

You collected 137 gold pieces.
You spent 69 gold pieces at shops.

Inventory:

Hand Weapons
 d - a +0 mace of draining
Missiles
 j - a throwing net
Armour
 a - a +0 robe (worn)
 e - a +0 helmet (worn)
 f - a +0 pair of gloves (worn)
Magical Staves
 l - a staff of poison (weapon)
Jewellery
 k - a ring of positive energy
Scrolls
 b - a scroll of vulnerability {unknown}
 c - a scroll of brand weapon
 i - a scroll of noise {unknown}
 n - a scroll of amnesia {unknown}
Potions
 m - a potion of attraction {unknown}


   Skills:
 + Level 2.5 Fighting
 + Level 2.3 Dodging
 - Level 3.0 Stealth
 + Level 2.4 Spellcasting
 - Level 1.0 Transmutations
 * Level 5.8 Poison Magic


You had one spell level left.
You knew the following spells:

 Your Spells              Type           Power      Damage    Failure   Level
a - Sting                 Tmut/Pois      80%        1d7       4%          1
b - Poisonous Vapours     Pois/Air       34%        N/A       9%          2
c - Olgreb's Toxic Radia  Pois           32%        N/A       17%         4

Your spell library contained the following spells:

 Spells                   Type           Power      Damage    Failure   Level
 Sandblast                Erth           4%         2d4       19%         1
 Passwall                 Tmut/Erth      2%         N/A       22%         2
 Mephitic Cloud           Conj/Pois/Air  12%        N/A       26%         3
 Stone Arrow              Conj/Erth      4%         3d7       50%         3


Dungeon Overview and Level Annotations

Branches:
Dungeon (3/15)

Altars:

Shops:
D:2 [??**

Annotations:
D:3 Natasha


Innate Abilities, Weirdness & Mutations

Your serpentine skin is tough. (AC +1)
You have supernaturally acute eyesight. (SInv)
Armour fits poorly on your strangely shaped body.
Your system is resistant to poisons. (rPois)
You cover ground very slowly.
You can spit poison.
You have a snake-like lower body.


Message History

Natasha mumbles some strange words.
You miss Natasha.
Natasha is moderately wounded.
Natasha looks more healthy.
Natasha closely misses you. The white imp gestures at you.
The puff of frost hits you!
* * * LOW HITPOINT WARNING * * *
Natasha claws you but does no damage.
You feel much better. The white imp gestures at you.
The puff of frost hits you. Natasha casts a spell at you.
The magic dart hits you! The white imp gestures at you.
The puff of frost hits you!
* * * LOW HITPOINT WARNING * * *
Aiming: Spit Poison (1% risk of failure)
Press: ? - help, Shift-Dir - straight line, f/p - Natasha
Aim: Natasha (heavily wounded, 50% to hit)
The splash of poison misses Natasha.
Natasha claws you but does no damage. The white imp barely misses you.
Natasha claws you.
* * * LOW HITPOINT WARNING * * *
Unknown command.
Casting: Sting (safe; 4% risk of failure)
Confirm with . or Enter, or press ? or * to list all spells.
Aiming: Sting (safe; 4% risk of failure)
Press: ? - help, Shift-Dir - straight line, f/p - Natasha
Aim: Natasha (heavily wounded, 70% to hit)
You feel a surge of power!
The sting misses Natasha.
The white imp closely misses you. Natasha claws you but does no damage.
The white imp barely misses you.
As you read the scroll of teleportation, it crumbles to dust.
You feel strangely unstable.
Natasha wildly gestures.
You feel troubled. Natasha claws you.
* * * LOW HITPOINT WARNING * * *
The white imp gestures at you. The puff of frost hits you!
You die...

#.....#
#.###.#
#.# #.#
#.# #.#
#.# #.#
#.# #.####
#.###....#
#..>5.†#.#
#####@...#
#h#.##
#.#.# ..#
# ###


You could see Natasha and a white imp (summoned).

Vanquished Creatures
  Natasha (D:3)
  Robin (D:2)
  3 adders
  3 gnolls (D:2)
  2 worms (D:2)
  3 orcs (D:3)
  6 endoplasms
  4 giant cockroaches
  10 goblins
  5 hobgoblins (D:1)
  3 kobolds
  3 quokkas (D:1)
  4 ball pythons
  3 bats
  4 frilled lizards
  5 rats
60 creatures vanquished.

Notes
Turn   | Place    | Note
-------+----------+-------------------------------------------
     0 | D:1      | Gabide the Naga Venom Mage began the quest for the Orb.
     0 | D:1      | Reached XP level 1. HP: 15/15 MP: 3/3
   262 | D:1      | Reached XP level 2. HP: 24/24 MP: 5/5
   270 | D:1      | Learned a level 2 spell: Poisonous Vapours
  1159 | D:2      | Found Damonk's Armour Emporium.
  1200 | D:2      | Reached skill level 1 in Fighting
  1200 | D:2      | Reached XP level 3. HP: 15/31 MP: 0/6
  1401 | D:2      | Bought a +0 helmet for 49 gold pieces
  1628 | D:2      | Reached skill level 5 in Poison Magic
  1895 | D:2      | Found Feg Wocw's Magic Scroll Boutique.
  1983 | D:2      | Bought a scroll of identify for 20 gold pieces
  1989 | D:2      | Noticed Robin
  1991 | D:2      | Found Guonoull's Assorted Antiques.
  2458 | D:1      | Reached XP level 4. HP: 14/39 MP: 0/7
  2903 | D:2      | Killed Robin
  3696 | D:2      | Found Huimef's General Store.
  3960 | D:2      | Found Pemuatwur's Magic Scroll Shop.
  4060 | D:2      | Reached XP level 5. HP: 46/46 MP: 8/8
  4644 | D:3      | Noticed Natasha
  4651 | D:3      | Learned a level 4 spell: Olgreb's Toxic Radiance
  4663 | D:3      | Killed Natasha
  4670 | D:3      | Noticed Natasha
  4679 | D:3      | Killed from afar by a white imp

Illustrated notes

Levels and vault maps discovered:
D:1:      sevenhm_arrival_forest_fort_small_4, layout_loops_ring
D:2:      layout_loops_ring, serial_shops, shop_fountains, shop_fountains,
          nicolae_diamond_shop, nicolae_square_shop, shop, uniq_robin
D:3:      layout_loops_ring, trog_antimagical,
          dreamdust_ecumenical_altar_drowned_temple, uniq_grinder, uniq_natasha

Skill      XL: |  1  2  3 |
---------------+----------+-----
Fighting       | 1 2 |  2.5
Dodging        | 2 |  2.3
Poison Magic   | 5 |  5.8
Stealth        | |  3.0
Spellcasting   | |  2.4
Transmutations | |  1.0

Action                   |  1- 3 |  4- 6 || total
-------------------------+-------+-------++-------
Melee: Unarmed           |    19 |       ||    19
       Mace              |    29 |     9 ||    38
       Staff             |       |    20 ||    20
 Cast: Sting             |    21 |    20 ||    41
       Poisonous Vapours |    30 |    28 ||    58
 Abil: Spit Poison       |    14 |    11 ||    25
  Use: Scroll            |     3 |     2 ||     5
       Potion            |       |     1 ||     1
Armor: Robe              |    21 |    28 ||    49
Dodge: Dodged            |    52 |    45 ||    97
